 Dungeon Crawl Stone Soup version 0.28.0-43-g3370ac3207 (webtiles) character file.

Game seed: 10549695851015347017

18204 Eitelfritz the Bludgeoner (level 12, -2/162 HPs)
             Began as a Minotaur Gladiator on Mar 9, 2022.
             Was a High Priest of Okawaru.
             Slain by a seven-headed hydra (7 damage)
             ... on level 1 of the Lair of Beasts.
             The game lasted 00:36:09 (12535 turns).

Eitelfritz the Bludgeoner (Minotaur Gladiator)     Turns: 12535, Time: 00:36:10

Health: -2/162     AC: 21    Str: 19    XL:     12   Next: 25%
Magic:  15/15      EV: 10    Int:  9    God:    Okawaru [*****.]
Gold:   1369       SH:  0    Dex: 13    Spells: 11/11 levels left

rFire   . . .      SeeInvis .   a - +2 great mace (venom)
rCold   . . .      Faith    .   (shield currently unavailable)
rNeg    + . .      Spirit   .   L - +1 chain mail {rN+}
rPois   +          Reflect  .   c - +2 hat
rElec   .          Harm     .   f - +1 cloak {Stlth+}
rCorr   .          Rampage  .   q - +2 pair of gloves
Will    +....                   e - +0 pair of boots
Stlth   ..........              p - amulet of regeneration
HPRegen 1.17/turn               r - ring of willpower
MPRegen 0.14/turn               I - ring of poison resistance

@: berserking, very quick
A: horns 2, retaliatory headbutt
a: Renounce Religion, Heroism, Finesse, Duel


You were on level 1 of the Lair of Beasts.
You worshipped Okawaru.
Okawaru was extremely pleased with you.
You visited 3 branches of the dungeon, and saw 15 of its levels.

You collected 2115 gold pieces.
You spent 746 gold pieces at shops.

Inventory:

Hand Weapons
 a - a +2 great mace of venom (weapon)
 b - a +0 shortbow
 D - a +4 flail
Missiles
 j - 3 atropa-tipped darts
 k - 15 poisoned darts (quivered)
 l - 3 throwing nets
 v - 79 arrows
 y - 6 javelins
Armour
 c - a +2 hat (worn)
 e - a +0 pair of boots (worn)
 f - a +1 cloak of stealth (worn)
 q - a +2 pair of gloves (worn)
 L - a +1 chain mail of positive energy (worn)
 O - +0 steam dragon scales
Jewellery
 p - an amulet of regeneration (around neck)
 r - a ring of willpower (left hand)
 x - a ring of magical power
 C - a ring of flight
 H - an amulet of guardian spirit
 I - a ring of poison resistance (right hand)
 J - an amulet of magic regeneration
Wands
 m - a wand of paralysis (5)
 w - a wand of acid (11)
 E - a wand of mindburst (3)
Scrolls
 n - 2 scrolls of magic mapping
 u - a scroll of fear
 z - a scroll of amnesia
 A - 4 scrolls of teleportation
 F - 2 scrolls of immolation
 G - a scroll of fog
 N - a scroll of blinking
Potions
 d - 11 potions of curing
 h - 2 potions of invisibility
 i - 3 potions of ambrosia
 o - 3 potions of attraction
 s - a potion of resistance
 B - a potion of flight {unknown}
 K - 3 potions of lignification
 M - a potion of brilliance {unknown}


   Skills:
 + Level 10.8 Fighting
 + Level 15.4 Maces & Flails
 + Level 3.8 Bows
 + Level 3.1 Throwing
 + Level 9.7 Armour
 + Level 7.8 Dodging
 + Level 2.9 Stealth
 + Level 6.0 Invocations


You had 11 spell levels left.
You didn't know any spells.
Your spell library contained the following spells:

 Spells                   Type           Power      Damage    Failure   Level
 Sandblast                Erth           0%         2d4       97%         1
 Slow                     Hex            0%         N/A       97%         1
 Sting                    Tmut/Pois      0%         1d3       97%         1
 Passwall                 Tmut/Erth      0%         N/A       99%         2
 Poisonous Vapours        Pois/Air       0%         N/A       99%         2
 Sublimation of Blood     Necr           0%         N/A       99%         2
 Wereblood                Tmut           0%         N/A       99%         2
 Confusing Touch          Hex            0%         N/A       100%        3
 Stone Arrow              Conj/Erth      0%         3d7       100%        3
 Vampiric Draining        Necr           0%         2d6       100%        3
 Olgreb's Toxic Radiance  Pois           0%         N/A       100%        4
 Iskenderun's Battlesphe  Conj           0%         2d6       100%        5
 Iron Shot                Conj/Erth      0%         9d1       100%        6
 Spellforged Servitor     Conj/Summ      Unusable   N/A       N/A         7
 Summon Hydra             Summ           Unusable   N/A       N/A         7

Dungeon Overview and Level Annotations

Branches:
Dungeon (13/15)            Temple (1/1) D:7            Lair (1/6) D:10
    Orc (0/2) D:9
 Vaults: D:13-14

Altars:
Ashenzari
Cheibriados
Dithmenos
Elyvilon
Fedhas
Gozag
Hepliaklqana
Kikubaaqudgha
Makhleb
Nemelex Xobeh
Okawaru
Qazlal
Ru
Sif Muna
Trog
Uskayaw
Vehumet
Wu Jian
Xom
Yredelemnul
Zin
The Shining One
Lugonu

Shops:
D:5 *=*!   D:6 (   D:11 :

Annotations:
D:10 3 runed translucent doors, Jerry's ghost, journeyman TrFi


Innate Abilities, Weirdness & Mutations

You have a pair of horns on your head.
You reflexively headbutt those who attack you in melee.


Message History

The seven-headed hydra bites you. x2
You barely miss the seven-headed hydra.
The seven-headed hydra is moderately wounded.
The seven-headed hydra completely misses you.
You furiously retaliate!
You headbutt the seven-headed hydra.
The seven-headed hydra bites you but does no damage.
The seven-headed hydra misses you.
The seven-headed hydra barely misses you.
The seven-headed hydra bites you.
The seven-headed hydra bites you but does no damage.
The seven-headed hydra bites you.
You bludgeon the seven-headed hydra!! You headbutt the seven-headed hydra.
The seven-headed hydra is severely wounded.
The seven-headed hydra bites you!
* * * LOW HITPOINT WARNING * * *
The seven-headed hydra bites you but does no damage.
The seven-headed hydra bites you!
* * * LOW HITPOINT WARNING * * *
The seven-headed hydra bites you!
* * * LOW HITPOINT WARNING * * *
The seven-headed hydra bites you.
* * * LOW HITPOINT WARNING * * *
The seven-headed hydra closely misses you.
The seven-headed hydra bites you but does no damage.
A red film seems to cover your vision as you go berserk!
You feel yourself moving faster!
You feel mighty!
The seven-headed hydra barely misses you.
The seven-headed hydra bites you but does no damage.
The seven-headed hydra bites you.
* * * LOW HITPOINT WARNING * * *
The seven-headed hydra bites you but does no damage. x2
The seven-headed hydra misses you.
The seven-headed hydra closely misses you.
You barely miss the seven-headed hydra. You headbutt the seven-headed hydra!
The seven-headed hydra is almost dead.
The seven-headed hydra closely misses you.
The seven-headed hydra bites you but does no damage.
The seven-headed hydra barely misses you. x2
The seven-headed hydra bites you!
You die...

##.^...## #. #....>..# ##
##.......# #. ##........#
## #.........#
##....††..### .
####.......###.#####
#...###.##......†####.....
#.....DD@...............[
#.....####...............
#.....# ###.......##.###
...... ##..#########.
..... #...# ##.# ...D.
#....# #..# .... ###...#
##.#.. .... #...###.##.(
##..##...#..


You could see a seven-headed hydra (very poisoned) and a six-headed hydra.

Vanquished Creatures
  Gastronok (Lair:1)
  2 hydras (Lair:1)
  A two-headed ogre (D:10)
  Urug (D:11)
  Pikel (D:7)
  The ghost of Zippel the Skirmisher, a novice FoMo (D:7)
  4 cyclopes
  2 gargoyles
  3 cane toads (Lair:1)
  Maggie (Lair:1)
  A rime drake (Lair:1)
  A kobold demonologist (D:10)
  A troll (D:9)
  Prince Ribbit (D:5)
  A hornet (D:11)
  7 slime creatures
  Sigmund (D:3)
  A vampire (D:12)
  3 wraiths
  11 yaks
  4 wyverns (D:10)
  A basilisk (D:10)
  A steam dragon (D:7)
  2 acid dragons
  4 water moccasins
  Duvessa (D:7)
  7 orc warriors
  2 ice beasts
  A hornet zombie (D:7)
  4 centaurs
  4 lemures (D:7)
  A phantom (D:4)
  2 scorpions
  5 bullfrogs
  A gnoll sergeant (D:12)
  A water moccasin zombie (D:6)
  Dowan (D:7)
  11 killer bees (D:10)
  A water moccasin skeleton (D:5)
  5 wights (D:10)
  4 howler monkeys
  2 bullfrog zombies
  4 centaur zombies
  3 hounds (D:5)
  A jelly (D:5)
  3 orc priests
  A gnoll shaman (D:7)
  2 bullfrog skeletons (D:5)
  3 iguanas
  9 orc wizards
  2 hound skeletons
  3 howler monkey zombies
  A howler monkey skeleton (D:7)
  8 adders
  19 gnolls
  2 white imps
  2 adder skeletons (D:4)
  4 dart slugs
  A worm (D:3)
  38 orcs
  8 endoplasms
  5 goblins
  8 hobgoblins
  2 jackals (D:1)
  10 kobolds
  2 quokkas
  2 ball pythons
  5 bats
  3 frilled lizards
  A rat (D:2)
262 creatures vanquished.

Vanquished Creatures (others)
  A bullfrog (D:7)
  2 fungi (D:10)
  13 plants (D:10)
16 creatures vanquished.

Grand Total: 278 creatures vanquished

Notes
Turn   | Place    | Note
-------+----------+-------------------------------------------
     0 | D:1      | Eitelfritz the Minotaur Gladiator began the quest for the
                  | Orb.
     0 | D:1      | Reached XP level 1. HP: 18/18 MP: 0/0
   158 | D:1      | Reached skill level 4 in Maces & Flails
   158 | D:1      | Reached XP level 2. HP: 21/25 MP: 1/1
   315 | D:1      | Found a faded altar of an unknown god.
   759 | D:2      | Reached XP level 3. HP: 28/30 MP: 2/2
  1643 | D:3      | Found a snail-covered altar of Cheibriados.
  1705 | D:3      | Found a white marble altar of Elyvilon.
  1851 | D:3      | Noticed Sigmund
  1879 | D:3      | Killed Sigmund
  1880 | D:3      | Reached skill level 6 in Maces & Flails
  1880 | D:3      | Reached skill level 1 in Armour
  1880 | D:3      | Reached skill level 1 in Stealth
  1880 | D:3      | Reached XP level 4. HP: 11/39 MP: 3/3
  1880 | D:3      | Reached XP level 5. HP: 13/45 MP: 4/4
  2097 | D:3      | Found a broken altar of Ashenzari.
  2103 | D:3      | Found a basalt altar of Yredelemnul.
  2108 | D:3      | Found an opulent altar of Gozag.
  2297 | D:3      | Reached XP level 6. HP: 39/52 MP: 5/5
  3679 | D:4      | Reached skill level 7 in Maces & Flails
  3786 | D:4      | Reached XP level 7. HP: 32/59 MP: 6/6
  4062 | D:4      | Found a sparkling altar of Nemelex Xobeh.
  4299 | D:3      | Found a radiant altar of Vehumet.
  4299 | D:3      | Found a shadowy altar of Dithmenos.
  4299 | D:3      | Found a glowing silver altar of Zin.
  4483 | D:4      | Identified a scroll of acquirement
  4483 | D:4      | Acquired 1108 gold pieces
  4514 | D:5      | Entered Level 5 of the Dungeon
  4514 | D:5      | Found Tudeute's Jewellery Emporium.
  4518 | D:5      | Bought an amulet of regeneration for 330 gold pieces
  4608 | D:5      | Noticed Prince Ribbit
  4647 | D:5      | Killed Prince Ribbit
  4711 | D:5      | Found Oreczidgh's Assorted Antiques.
  4724 | D:5      | Bought a pair of gloves for 94 gold pieces
  4837 | D:5      | Found Emmug's Distillery.
  4885 | D:5      | Bought a potion of degeneration for 10 gold pieces
  4885 | D:5      | Bought 2 potions of might for 80 gold pieces
  4885 | D:5      | Bought a potion of heal wounds for 50 gold pieces
  4898 | D:5      | Reached skill level 5 in Armour
  4969 | D:5      | Reached skill level 8 in Maces & Flails
  4969 | D:5      | Reached XP level 8. HP: 67/67 MP: 7/7
  4974 | D:5      | Found Viemazen's Assorted Antiques.
  4980 | D:5      | Bought a scroll of identify for 52 gold pieces
  4980 | D:5      | Bought a runed garnet ring for 130 gold pieces
  5450 | D:5      | Reached skill level 5 in Dodging
  5629 | D:6      | Reached skill level 5 in Fighting
  5658 | D:6      | Found Ygha's Antique Weapon Shoppe.
  5698 | D:6      | Reached skill level 9 in Maces & Flails
  5714 | D:6      | Found a blossoming altar of Fedhas.
  5825 | D:6      | Found a burning altar of Makhleb.
  5827 | D:6      | Noticed an Executioner
  6332 | D:7      | Found an ornate altar of the Wu Jian Council.
  6395 | D:7      | Found a staircase to the Ecumenical Temple.
  6404 | Temple   | Entered the Ecumenical Temple
  6540 | D:7      | Found a stormy altar of Qazlal.
  6543 | D:7      | Noticed an air elemental
  6561 | D:7      | Noticed Zippel's ghost (novice FoMo)
  6567 | D:7      | Found a transporter.
  6572 | D:7      | Found a transporter.
  6705 | D:7      | Noticed Pikel
  6749 | D:7      | Noticed Dowan
  6755 | D:7      | Noticed Duvessa
  6779 | D:7      | Killed Duvessa
  6780 | D:7      | Reached XP level 9. HP: 68/75 MP: 8/8
  6788 | D:7      | Killed Dowan
  6789 | D:7      | Reached skill level 10 in Maces & Flails
  7092 | D:7      | Killed Pikel
  7212 | D:7      | Killed Zippel's ghost
  7213 | D:7      | Reached skill level 11 in Maces & Flails
  7534 | D:8      | Found an iron altar of Okawaru.
  7541 | D:8      | Became a worshipper of Warmaster Okawaru
  7846 | D:8      | Reached skill level 1 in Invocations
  8019 | D:8      | Reached XP level 10. HP: 86/86 MP: 8/10
  8048 | D:8      | Reached * piety under Okawaru
  8557 | D:9      | Reached skill level 12 in Maces & Flails
  8711 | D:9      | Found a staircase to the Orcish Mines.
  8846 | D:9      | Found a hazy altar of Hepliaklqana.
  9063 | D:10     | Entered Level 10 of the Dungeon
  9104 | D:10     | Noticed a centaur warrior
  9106 | D:10     | Found a runed translucent gate.
  9107 | D:10     | Found a runed translucent gate.
  9107 | D:10     | Found a runed translucent gate.
  9107 | D:10     | Noticed Jerry's ghost (journeyman TrFi)
  9187 | D:10     | Reached ** piety under Okawaru
  9246 | D:10     | Reached skill level 1 in Bows
  9404 | D:10     | Noticed a two-headed ogre
  9415 | D:10     | Killed a two-headed ogre
  9644 | D:10     | Reached *** piety under Okawaru
  9658 | D:10     | Found a staircase to the Lair.
  9692 | D:10     | Reached XP level 11. HP: 91/97 MP: 13/13
  9702 | D:10     | Reached skill level 13 in Maces & Flails
  9716 | D:10     | Reached **** piety under Okawaru
 10193 | D:11     | Noticed Urug
 10202 | D:11     | Killed Urug
 10210 | D:11     | Reached skill level 5 in Invocations
 10230 | D:11     | Reached ***** piety under Okawaru
 10490 | D:11     | Found Lufabiq's Self-Improvement Boutique.
 11012 | D:12     | Reached skill level 14 in Maces & Flails
 11514 | D:12     | Reached skill level 10 in Fighting
 11908 | D:13     | Received a gift from Okawaru
 12054 | D:13     | Noticed a skeletal warrior
 12159 | Lair:1   | Entered Level 1 of the Lair of Beasts
 12294 | Lair:1   | Reached XP level 12. HP: 94/107 MP: 15/15
 12340 | Lair:1   | Noticed Maggie
 12347 | Lair:1   | Killed Maggie
 12395 | Lair:1   | Noticed Gastronok
 12408 | Lair:1   | Killed Gastronok
 12409 | Lair:1   | Reached skill level 15 in Maces & Flails
 12421 | Lair:1   | Noticed a five-headed hydra
 12434 | Lair:1   | Killed a five-headed hydra
 12470 | Lair:1   | Noticed a seven-headed hydra
 12477 | Lair:1   | Killed a seven-headed hydra
 12520 | Lair:1   | Noticed a six-headed hydra
 12521 | Lair:1   | Noticed a seven-headed hydra
 12533 | Lair:1   | HP: 3/108 [seven-headed hydra (3)]
 12535 | Lair:1   | Slain by a seven-headed hydra

Illustrated notes

Levels and vault maps discovered:
D:1:      elethiomel_arrival_quiet, layout_basic,
          chequers_ecumenical_altar_island, grunt_decor_clamped,
          minmay_hexomino_p4
D:2:      minmay_wonky_spiral, layout_basic
D:3:      layout_loops_ring, mainiacjoe_overflow_six_doors_small,
          minmay_overflow_temple_star_quad, nicolae_overflow_hidden_temple,
          uniq_sigmund
D:4:      layout_basic, nemelex_altar_shiori
D:5:      layout_basic, serial_shops, shop, nicolae_shop_hallway_stairs,
          nicolae_shop_trees, nicolae_shop_waterfront, uniq_prince_ribbit1
D:6:      layout_loops_cross, lemuel_round_altar, makhleb_altar_promises_db,
          serial_shops, nicolae_stop_n_shop_1, bh_walls_and_bars
D:7:      layout_loops_ring, nicolae_qazlal_style_of_elements,
          nicolae_wu_jian_immortal_techniques, minmay_temple_entry_poolview,
          nzn_ghost_randoct, uniq_pikel, uniq_duvessa
D:8:      layout_loops_corners, nicolae_overflow_crystal_walls
D:9:      layout_loops_ring, worldfamousw_hep_ancestral_shrine, david_orc_2,
          amethyst_killhole, amcnicky_mini_pool_small
D:10:     layout_basic, minmay_lair_entry_grove, gammafunk_ghost_split
D:11:     layout_loops_cross, nicolae_shop_self_help, uniq_urug
D:12:     layout_stronghold
D:13:     layout_loops_ring, erik_vaults_1, nrook_guardian_serpent_ordinary
Temple:   corrupted_temple
Lair:1:   hellmonk_ruined_rings, layout_cave_pods, gauntlet_entry_generic,
          uniq_maggie, uniq_gastronok

Skill      XL: |  1  2  3  4  5  6  7  8  9 10 11 12 |
---------------+-------------------------------------+-----
Maces & Flails | 4 6 7 8 9 11 12 14 15 | 15.4
Fighting       | 3 4 5 7 9 10 | 10.8
Armour         | 1 2 3 5 6 7 8 9 |  9.7
Stealth        | 1 2 |  2.9
Dodging        | 4 5 6 7 |  7.8
Throwing       | 3 |  3.1
Invocations    | 1 4 6 |  6.0
Bows           | 2 3 |  3.8

Action                   |  1- 3 |  4- 6 |  7- 9 | 10-12 || total
-------------------------+-------+-------+-------+-------++-------
Melee: Flail             |    71 |    83 |   327 |   111 ||   592
       Headbutt          |    10 |     9 |    68 |    78 ||   165
       Punch             |     1 |     1 |     2 |       ||     4
       Great mace        |       |       |       |   241 ||   241
 Fire: Shortbow          |       |       |       |    33 ||    33
Throw: Throwing net      |     3 |       |       |       ||     3
       Dart              |       |     2 |     8 |       ||    10
  Use: Scroll            |       |     3 |    11 |     7 ||    21
       Potion            |       |       |     3 |     2 ||     5
 Stab: Held in net/web   |     1 |       |       |       ||     1
Armor: Leather armour    |     4 |       |       |       ||     4
       Ring mail         |    23 |    26 |   134 |    69 ||   252
       Chain mail        |       |       |       |   112 ||   112
Dodge: Dodged            |    33 |    51 |   182 |   200 ||   466
